 Dungeon Crawl Stone Soup version 0.18.1-5-g4a78601 (webtiles) character file.

461600 shmeve the Hoplite (level 23, -19/340 HPs)
             Began as a Minotaur Berserker on May 12, 2016.
             Was the Champion of Trog.
             Killed from afar by a balrug (51 damage)
             ... with a fireball
             ... on level 7 of a ziggurat.
             The game lasted 02:09:05 (41085 turns).

shmeve the Hoplite (Minotaur Berserker)            Turns: 41085, Time: 02:09:06

Health: -19/340    AC: 41    Str: 34    XL:     23   Next: 8%
Magic:  31/31      EV: 15    Int:  7    God:    Trog [******]
Gold:   1363       SH: 35    Dex: 15    Spells: 0 memorised, 22 levels left

rFire  . . .     SeeInvis +     O - +9 broad axe (chop)
rCold  + + .     Gourm    .     C - +6 crystal plate armour of the Four Spirits {rPois SInv}
rNeg   . . .     Faith    .     T - +8 large shield (curse)
rPois  +         Spirit   .     (helmet restricted)
rElec  .         Dismiss  .     I - +1 cloak {+Inv}
rCorr  .         Reflect  .     S - +2 pair of gloves
SustAt .         Harm     .     L - +2 pair of boots
MR     +++..                    M - amulet of regeneration
Stlth  ..........               t - ring of Januhoad {rC+ MP+9 Dex+3 Slay+3}
                                l - +6 ring of slaying

@: berserking, regenerating, very quick, extremely resistant to hostile
enchantments, extremely unstealthy
A: retaliatory headbutt, horns 2, talons 1, clever 1, cold resistance 1
a: Berserk, Trog's Hand, Brothers in Arms, Burn Spellbooks, Renounce Religion,
Evoke Invisibility
}: 3/15 runes: serpentine, barnacled, silver


You were on level 7 of a ziggurat.
You worshipped Trog.
Trog was exalted by your worship.
You were hungry.

You visited 7 branches of the dungeon, and saw 40 of its levels.
You visited the Abyss 1 time.
You visited 2 bazaars.
You visited 1 ziggurat, and saw 7 of its levels.
You also visited: Labyrinth.

You collected 4509 gold pieces.
You spent 3146 gold pieces at shops.

Inventory:

Hand Weapons
 O - a +9 broad axe of chopping (weapon)
Armour
 C - the +6 crystal plate armour of the Four Spirits (worn) {rPois SInv}
   (You acquired it on level 15 of the Dungeon)

   It protects you from poison.
   It lets you see invisible.
 I - a +1 cloak of invisibility (worn)
 L - a +2 pair of boots (worn)
 S - a +2 pair of gloves (worn)
 T - a cursed +8 large shield (worn)
Jewellery
 l - a +6 ring of slaying (left hand)
 t - the ring of Januhoad (right hand) {rC+ MP+9 Dex+3 Slay+3}
   (You took it off a vault guard on level 5 of the Vaults)

   [ring of protection from cold]

   It affects your dexterity (+3).
   It affects your accuracy and damage with ranged weapons and melee attacks
   (+3).
   It protects you from cold.
   It affects your magic capacity (+9).
 M - an amulet of regeneration (around neck)
Wands
 K - a wand of digging (9/24)
 N - a wand of teleportation (3/9)
 R - a wand of hasting (3/9)
Scrolls
 b - 4 scrolls of magic mapping
 d - 13 scrolls of teleportation
 h - a scroll of silence
 j - 8 scrolls of enchant weapon
 k - 5 scrolls of fear
 q - 35 scrolls of remove curse
 r - 11 scrolls of recharging
 u - 5 scrolls of blinking
 w - 4 scrolls of holy word
 D - 7 scrolls of fog
Potions
 a - 5 potions of flight
 i - 5 potions of agility
 p - 2 potions of magic
 s - 7 potions of ambrosia
 v - 6 potions of haste
 z - 16 potions of curing
 B - 2 potions of resistance
 F - a potion of heal wounds
 H - 5 potions of cure mutation
 V - 4 potions of brilliance {unknown}
Comestibles
 c - 20 bread rations
 g - 22 meat rations
 m - 9 beef jerkies
 n - 8 fruits
 x - 2 slices of pizza


   Skills:
 * Level 23.6 Fighting
 * Level 23.4 Axes
 + Level 17.3 Armour
 + Level 16.0 Dodging
 * Level 23.7 Shields


You had 22 spell levels left.
You didn't know any spells.

Dungeon Overview and Level Annotations

Branches:
Dungeon (15/15)            Temple (0/1) D:5            Lair (8/8) D:9
 Shoals (4/4) Lair:3        Snake (4/4) Lair:6        Slime (0/6) Lair:7
    Orc (2/2) D:12            Elf (0/3) Orc:2        Vaults (5/5) D:14
  Crypt (0/3) Vaults:3     Depths (2/5) D:15

Altars:
Ashenzari
Elyvilon
Fedhas
Makhleb
Nemelex Xobeh
Pakellas
Qazlal
Sif Muna
Xom
Yredelemnul
Zin
The Shining One
Beogh

Shops:
D:4 ?   D:15 %   Orc:2 [(=*   Shoals:2 }   Vaults:3 [   Vaults:4 }
Depths:1 *:

Portals:
Hell: Depths:1
Abyss: Depths:1
Pandemonium: Depths:1
Trove: D:13 (show abyssal rune of Zot)


Innate Abilities, Weirdness & Mutations

You reflexively headbutt those who attack you in melee.
You have a pair of horns on your head.
You have sharp toenails.
Your mind is acute. (Int +2)
Your flesh is cold resistant.


Message History

Trog accepts your kill. Something appears at your feet! Trog grants you a gift!
You slash the titan zombie! You slash the hellion!
You feel the power of Trog in you as your rage grows.
You kill the hellion!
Trog accepts your kill.
You hit the iron dragon zombie.
The titan zombie hits you but does no damage.
You block the iron dragon zombie's attack.
The iron dragon zombie barely misses you.
You block the iron dragon zombie's attack.
You slice the titan zombie!! You hit the iron dragon zombie.
You open the titan zombie like a pillowcase!!!
You destroy the titan zombie!
You slice the iron dragon zombie!!
Unknown command.
The balrug gestures at you.
The fireball explodes!
The fireball engulfs you!
You die...

▓▓▓▓.▓▓▓▓
▓▓.......▓▓
▓▓.........▓▓
▓▓...........▓▓
▓.............▓
▓....#.#.#.%$?▓
▓▓.......2..[∩)▓▓
▓..∩..#.#@#.$>$)▓
▓▓.......)).?∩)▓
▓....#.#Z#..=.▓
▓.............▓
▓▓...........▓▓
▓▓.........▓▓
▓▓.......▓▓
▓▓▓▓.▓▓▓▓ ▓▓▓


You could see a balrug and an iron dragon zombie.

Vanquished Creatures
  A pandemonium lord (Zig:5)
  2 ancient liches (Vaults:5)
  Boris (twice) (Vaults:3 Vaults:5)
  Nikola (Shoals:3)
  Jory (Vaults:5)
  A bone dragon (Vaults:3)
  2 Brimstone Fiends (Zig:5)
  A tentacled monstrosity (Zig:6)
  Rupert (D:15)
  4 liches
  4 titans (Vaults:5)
  Polyphemus (Shoals:2)
  A kraken (Shoals:1)
  2 sphinxes
  Roxanne (D:15)
  Kirke (D:15)
  6 tengu reavers
  5 storm dragons
  6 shadow dragons
  An azure jelly (Zig:1)
  A blood saint (Zig:5)
  14 greater nagas
  Wiglaf (Vaults:5)
  15 vault wardens
  4 deep elf sorcerers
  A balrug (Depths:1)
  Louise (Shoals:2)
  Aizul (Shoals:2)
  9 frost giants
  3 orc warlords
  3 fire giants
  A deep elf elementalist (Vaults:5)
  19 ironheart preservers
  18 stone giants
  6 very ugly things
  3 war gargoyles (Vaults:5)
  A caustic shrike skeleton (Zig:7)
  The ghost of Makenshine the Grappler, a journeyman DrTm of Okawaru (Orc:2)
  2 deep elf demonologists
  2 salamander stormcallers (Vaults:5)
  2 deep elf annihilators
  12 ettins
  Snorg (D:12)
  7 merfolk impalers
  30 vault guards
  3 merfolk javelineers (Shoals:4)
  Josephine (Lair:5)
  A deep elf death mage (Vaults:1)
  A minotaur (Lab)
  16 yaktaur captains
  3 fire dragons
  A deep elf high priest (Vaults:5)
  Harold (D:10)
  5 great orbs of eyes
  2 rakshasas
  An entropy weaver (Depths:1)
  An ice dragon (Depths:2)
  4 hydras
  A ghost crab (shapeshifter) (Vaults:5)
  2 ghost crabs (Zig:6)
  10 ogre magi
  28 naga warriors
  4 merfolk aquamancers
  3 death knights
  A monstrous demonspawn (Depths:1)
  3 merfolk avatars
  2 catoblepae
  5 centaur warriors
  10 anacondas
  2 alligator snapping turtles (Shoals:4)
  4 tengu warriors
  Urug (D:15)
  2 satyrs (Shoals:3)
  11 death yaks
  The ghost of fish the Thaumaturge, a novice MfSu of the Shining One (D:9)
  2 vampire magi
  4 orc high priests (Orc:2)
  2 titan zombies
  5 shock serpents
  12 deep elf knights
  16 naga sharpshooters
  2 soul eaters (Depths:1)
  5 skeletal warriors
  Nergalle (D:12)
  A fire crab (Vaults:3)
  5 shadow wraiths
  A hell knight (Vaults:2)
  7 sea snakes
  3 deep trolls
  2 flayed ghosts
  A shadow demon (Depths:1)
  An unseen horror (D:12)
  A swamp dragon (shapeshifter) (Vaults:2)
  6 deep elf archers
  A giant orange brain (shapeshifter) (Zig:2)
  A golden dragon zombie (Depths:1)
  6 hill giants
  A deep troll (shapeshifter) (Vaults:5)
  A golden dragon skeleton (Vaults:5)
  A tengu zombie (Vaults:2)
  An anubis guard (shapeshifter) (Vaults:5)
  15 ironbrand convokers
  A swamp dragon (Zig:6)
  8 naga ritualists
  19 orc knights
  Pikel (D:5)
  10 mana vipers
  2 orb spiders (Zig:4)
  17 deep elf magi
  10 necromancers
  2 wizards (D:14)
  7 orc sorcerers
  14 harpies
  31 ugly things
  4 phantasmal warriors
  6 wolf spiders
  8 salamanders
  A fire giant zombie (Depths:1)
  A frost giant zombie (D:15)
  2 hornets (Vaults:5)
  8 manticores
  A moth of wrath (Zig:4)
  A hornet (shapeshifter) (Vaults:3)
  8 cyclopes
  14 fauns
  Maurice (D:12)
  A fire giant skeleton (D:15)
  11 griffons
  7 sirens
  36 black mambas
  13 vault sentinels
  8 elephants
  9 guardian serpents
  2 guardian serpents (shapeshifter)
  A stone giant skeleton (Depths:1)
  12 naga magi
  6 water nymphs
  An ice statue (Zig:6)
  A kobold demonologist (Vaults:2)
  A gargoyle (D:13)
  3 centaur skeletons
  2 spiny frogs (shapeshifter)
  18 spiny frogs
  2 hellions (Zig:7)
  A rime drake (Lair:2)
  9 freezing wraiths
  A yaktaur zombie (D:15)
  33 yaktaurs
  5 komodo dragons
  A spark wasp simulacrum (Depths:1)
  5 spriggan skeletons
  2 tormentors
  3 tengu conjurers
  A guardian mummy (D:15)
  A red devil (Zig:7)
  6 trolls
  25 merfolk
  A yaktaur skeleton (Vaults:5)
  2 jumping spiders (Zig:4)
  2 tengu simulacra
  A polar bear (Lair:7)
  13 blink frogs
  A raiju (shapeshifter) (Vaults:1)
  2 wind drakes
  A slime creature (shapeshifter) (Vaults:5)
  A deep troll zombie (Depths:1)
  7 snapping turtles
  10 two-headed ogres
  5 boulder beetles
  8 slime creatures
  A human simulacrum (Vaults:5)
  3 redbacks
  10 wraiths
  2 shadows
  A vampire (D:11)
  2 tarantellas (shapeshifter)
  8 water elementals
  17 humans (D:14)
  A spriggan (shapeshifter) (Depths:1)
  6 wyverns
  2 ettin skeletons (Vaults:3)
  Eustachio (D:5)
  7 hogs (D:15)
  33 yaks
  3 basilisks
  A basilisk (shapeshifter) (Vaults:3)
  12 hippogriffs
  A hungry ghost (D:12)
  15 vampire mosquitoes
  3 mottled dragons
  Grum (D:8)
  2 yaktaur simulacra
  A neqoxec (Depths:1)
  An insubstantial wisp (Lair:8)
  6 wargs
  71 nagas
  Duvessa (D:7)
  2 hell hounds (Lair:2)
  19 water moccasins
  53 orc warriors
  6 porcupines
  A tengu skeleton (Depths:1)
  A fire dragon simulacrum (Depths:1)
  5 ice beasts
  An eye of draining (Zig:1)
  2 phantoms
  4 wasps
  2 black bears
  A slave (D:5)
  3 boggarts (Vaults:3)
  A sky beast (D:14)
  10 wolves
  45 ogres
  19 centaurs
  17 crocodiles
  2 big kobolds
  An elf zombie (D:14)
  19 giant frogs
  A wyvern skeleton (D:10)
  4 scorpions
  Dowan (D:7)
  13 killer bees
  7 wights
  An electric eel (Lair:2)
  4 howler monkeys
  8 crimson imps
  2 giant frog zombies (D:11)
  5 centaur zombies
  3 human zombies (D:14)
  7 hounds
  18 jellies
  22 orc wizards
  2 giant frog skeletons
  19 orc priests
  Crazy Yiuf (D:7)
  6 human skeletons
  9 iguanas
  14 worker ants
  18 sheep
  A hound zombie (D:6)
  A hound skeleton (D:8)
  2 mummies (D:14)
  A howler monkey zombie (D:8)
  A worker ant zombie (D:5)
  6 gnolls
  31 river rats
  21 adders
  4 shadow imps
  A white imp (Depths:1)
  An ufetubus (Vaults:4)
  An ooze (shapeshifter) (Vaults:5)
  6 oozes
  A worm (D:5)
  11 giant geckos
  74 orcs
  7 giant cockroaches
  12 goblins
  6 hobgoblins
  19 jackals
  7 quokkas
  A ball python (D:1)
  6 bats
  6 giant newts
  25 kobolds
  An orc skeleton (D:14)
  A quokka zombie (D:5)
  16 rats
  12 fungi
  13 plants
  4 tentacles (Shoals:1)
  A withered plant (D:15)
1785 creatures vanquished.

Vanquished Creatures (collateral kills)
  A golden dragon (Depths:1)
  A greater naga (Snake:4)
  A naga ritualist (Snake:4)
  A naga (Snake:4)
4 creatures vanquished.

Vanquished Creatures (others)
  A vault warden (Vaults:5)
  A hydra (Zig:6)
  A naga sharpshooter (Snake:4)
  An orc high priest (Orc:2)
  A deep elf mage (Vaults:4)
  A guardian serpent (Snake:4)
  A merfolk (Shoals:3)
  2 nagas
  An orc warrior (Vaults:4)
  An ogre (Vaults:4)
  2 boggarts (Vaults:3)
  6 orcs
  A giant cockroach (D:5)
  A quokka (D:5)
  15 fungi
  14 plants
  9 tentacles (Shoals:1)
  449 tentacle segments (Shoals:1)
  3 withered plants (D:15)
511 creatures vanquished.

Grand Total: 2300 creatures vanquished

Notes
Turn   | Place    | Note
--------------------------------------------------------------
     0 | D:1      | shmeve the Minotaur Berserker began the quest for the Orb.
     0 | D:1      | Reached XP level 1. HP: 19/19 MP: 0/0
   112 | D:1      | Reached XP level 2. HP: 27/27 MP: 1/1
   139 | D:1      | Reached skill level 1 in Shields
   183 | D:1      | Reached ** piety under Trog
   222 | D:1      | Reached XP level 3. HP: 28/33 MP: 2/2
  1084 | D:2      | Reached XP level 4. HP: 30/40 MP: 3/3
  1315 | D:2      | Found a shattered altar of Ashenzari.
  1398 | D:2      | Reached *** piety under Trog
  2233 | D:3      | Reached XP level 5. HP: 40/47 MP: 4/4
  2515 | D:4      | Found a glowing golden altar of the Shining One.
  2524 | D:4      | Found Ephuxu's Magic Scroll Boutique.
  2530 | D:4      | Bought a scroll of identify for 28 gold pieces
  2530 | D:4      | Bought a scroll of remove curse for 42 gold pieces
  2716 | D:4      | Found a deep blue altar of Sif Muna.
  2843 | D:4      | Noticed an ogre
  2850 | D:4      | Killed an ogre
  2850 | D:4      | Reached XP level 6. HP: 26/55 MP: 5/5
  2905 | D:4      | Reached skill level 5 in Fighting
  3028 | D:4      | Reached skill level 5 in Axes
  3299 | D:4      | Reached skill level 5 in Shields
  3454 | D:5      | Entered Level 5 of the Dungeon
  3497 | D:5      | Reached XP level 7. HP: 17/61 MP: 6/6
  4327 | D:5      | Reached **** piety under Trog
  4380 | D:5      | Found a staircase to the Ecumenical Temple.
  4509 | D:5      | Noticed Pikel
  4521 | D:5      | Killed Pikel
  4521 | D:5      | Reached XP level 8. HP: 71/71 MP: 7/7
  4762 | D:5      | Found a sparkling altar of Nemelex Xobeh.
  4765 | D:5      | Noticed Eustachio
  4782 | D:5      | Killed Eustachio
  4867 | D:5      | Reached skill level 5 in Armour
  4869 | D:5      | Received a gift from Trog
  5078 | D:5      | Found an oddly glowing altar of Pakellas.
  5157 | D:5      | Found a shimmering altar of Xom.
  5158 | D:5      | Found a burning altar of Makhleb.
  5304 | D:6      | Reached XP level 9. HP: 73/81 MP: 8/8
  5695 | D:6      | Reached skill level 5 in Dodging
  5940 | D:7      | Found a white marble altar of Elyvilon.
  6033 | D:7      | Noticed Dowan
  6048 | D:7      | Killed Dowan
  6086 | D:7      | Received a gift from Trog
  6287 | D:7      | Noticed Duvessa
  6313 | D:7      | Killed Duvessa
  7103 | D:7      | Noticed Crazy Yiuf
  7113 | D:7      | Killed Crazy Yiuf
  7142 | D:8      | Found a glowing silver altar of Zin.
  7739 | D:8      | Noticed Grum
  7751 | D:8      | Killed Grum
  7751 | D:8      | Reached XP level 10. HP: 91/91 MP: 9/9
  8336 | D:9      | Found a staircase to the Lair.
  8557 | D:9      | Noticed fish's ghost (novice MfSu)
  8572 | D:9      | Killed fish's ghost
  8761 | D:10     | Entered Level 10 of the Dungeon
  8802 | D:10     | Reached skill level 10 in Axes
  8829 | D:10     | Reached skill level 10 in Shields
  8962 | D:10     | Reached skill level 10 in Fighting
  8966 | D:10     | Received a gift from Trog
  8977 | D:10     | Noticed an orc knight
  8984 | D:10     | Killed an orc knight
  9179 | D:10     | Noticed a hill giant
  9185 | D:10     | Noticed Harold
  9189 | D:10     | Killed a hill giant
  9208 | D:10     | Killed Harold
  9208 | D:10     | Reached XP level 11. HP: 71/101 MP: 10/10
  9716 | D:11     | Noticed a purple ugly thing
  9729 | D:11     | Reached ***** piety under Trog
  9743 | D:11     | Killed a purple ugly thing
 10007 | D:11     | Found a blossoming altar of Fedhas.
 10495 | D:12     | Killed an unseen horror
 10506 | D:12     | Noticed Snorg
 10516 | D:12     | Killed Snorg
 10612 | D:12     | Noticed Nergalle
 10631 | D:12     | Killed Nergalle
 10759 | D:12     | Found a staircase to the Orcish Mines.
 11060 | D:12     | Noticed Maurice
 11074 | D:12     | Killed Maurice
 11231 | D:13     | Received a gift from Trog
 11392 | D:13     | Noticed a green ugly thing
 11402 | D:13     | Killed a green ugly thing
 11404 | D:13     | Reached XP level 12. HP: 112/112 MP: 3/11
 11469 | D:13     | Found a portal to a secret trove of treasure.
 11589 | D:13     | Found a stormy altar of Qazlal.
 11601 | D:13     | Noticed an eight-headed hydra
 11609 | D:13     | Killed a 12-headed hydra
 11912 | D:13     | Found a flickering gateway to a bazaar.
 11921 | Bazaar   | Entered a bazaar
 11923 | Bazaar   | Found Vanlirol's Distillery.
 11931 | Bazaar   | Bought a potion of agility for 44 gold pieces
 11931 | Bazaar   | Bought a potion of might for 44 gold pieces
 11931 | Bazaar   | Found Ulodit's Weapon Shop.
 11972 | Bazaar   | Found Poryireb's Assorted Antiques.
 11980 | Bazaar   | Found Utijut's Jewellery Boutique.
 12054 | D:14     | Noticed a centaur warrior
 12064 | D:14     | Killed a centaur warrior
 12655 | D:14     | Noticed a six-headed hydra
 12662 | D:14     | Killed a seven-headed hydra
 12731 | D:14     | Found a basalt altar of Yredelemnul.
 12876 | D:14     | Noticed a tengu warrior
 12878 | D:14     | Noticed a tengu warrior
 12893 | D:14     | Killed a tengu warrior
 12898 | D:14     | Killed a tengu warrior
 13015 | D:14     | Reached XP level 13. HP: 119/122 MP: 4/12
 13035 | D:14     | Found a gate to the Vaults.
 13035 | D:14     | Noticed a vault guard
 13035 | D:14     | Noticed a vault guard
 13046 | D:14     | Killed a vault guard
 13050 | D:14     | Received a gift from Trog
 13054 | D:14     | Killed a vault guard
 13149 | D:15     | Entered Level 15 of the Dungeon
 13433 | D:15     | Found a staircase to the Depths.
 13468 | D:15     | Reached skill level 10 in Armour
 13772 | D:15     | Noticed Kirke
 13784 | D:15     | Killed Kirke
 13802 | D:15     | Found Poseagg's Food Boutique.
 14025 | D:15     | Noticed Roxanne
 14065 | D:15     | Killed Roxanne
 14326 | D:15     | Noticed Urug
 14327 | D:15     | Reached XP level 14. HP: 133/133 MP: 4/13
 14337 | D:15     | Killed Urug
 14337 | D:15     | Received a gift from Trog
 14515 | D:15     | Noticed Rupert
 14528 | D:15     | Killed Rupert
 14550 | D:15     | Reached skill level 15 in Shields
 14795 | Orc:1    | Entered Level 1 of the Orcish Mines
 14827 | Orc:1    | Reached skill level 10 in Dodging
 14901 | Orc:1    | Found a roughly hewn altar of Beogh.
 15093 | Orc:1    | Reached skill level 15 in Fighting
 15219 | Orc:2    | Entered Level 2 of the Orcish Mines
 15244 | Orc:2    | Found Tolac's Antique Weapon Boutique.
 15251 | Orc:2    | Noticed Makenshine's ghost (journeyman DrTm)
 15265 | Orc:2    | Killed Makenshine's ghost
 15265 | Orc:2    | Reached skill level 15 in Axes
 15351 | Orc:2    | Found Tiloke's General Store.
 15436 | Orc:2    | Found a roughly hewn altar of Beogh.
 15474 | Orc:2    | Found Ysson's Jewellery Shoppe.
 15651 | Orc:2    | Found a staircase to the Elven Halls.
 15827 | Orc:2    | Noticed an orc warlord
 15829 | Orc:2    | Found Yjovosan's Antique Armour Shop.
 15843 | Orc:2    | Killed an orc warlord
 15855 | Orc:2    | Reached ****** piety under Trog
 15875 | Orc:2    | Bought a pair of embroidered gloves for 144 gold pieces
 15875 | Orc:2    | Bought a shiny large shield for 144 gold pieces
 16238 | Lair:1   | Entered Level 1 of the Lair of Beasts
 16392 | Lair:1   | Received a gift from Trog
 17107 | Lair:2   | Got a scorched amber ring
 17108 | Lair:2   | Found a dark tunnel.
 17706 | Lair:2   | Found a shattered altar of Ashenzari.
 18114 | Lair:3   | Identified the ring "Woduqow" {Ice MR+ Dex+5 Slay-2} (You found it on level 2 of the Lair of Beasts)
 18371 | Lair:3   | Found a staircase to the Shoals.
 18760 | Lair:4   | Reached XP level 15. HP: 136/141 MP: 4/14
 19383 | Lair:5   | Received a gift from Trog
 19436 | Lair:5   | Got a slimy marble ring
 19437 | Lair:5   | Identified the ring "Rudghepul" {rElec Str+2 Stlth+} (You found it on level 5 of the Lair of Beasts)
 19594 | Lair:5   | Noticed Josephine
 19601 | Lair:5   | Killed Josephine
 20172 | Lair:6   | Found a staircase to the Snake Pit.
 21208 | Lair:7   | Received a gift from Trog
 21280 | Lair:7   | Found a staircase to the Slime Pits.
 21936 | Lair:8   | Entered Level 8 of the Lair of Beasts
 22114 | Lair:8   | Found a labyrinth entrance.
 22134 | Lab      | Entered a labyrinth
 23614 | Lair:8   | Received a gift from Trog
 24306 | D:15     | Identified a scroll of acquirement
 24309 | D:15     | Got a spiked crystal plate armour
 24320 | D:15     | Identified the +6 crystal plate armour of the Four Spirits {rPois SInv} (You acquired it on level 15 of the Dungeon)
 24722 | Snake:1  | Entered Level 1 of the Snake Pit
 24849 | Snake:1  | Reached XP level 16. HP: 84/154 MP: 15/15
 25662 | Snake:2  | Received a gift from Trog
 26258 | Snake:3  | Found a runed door.
 26539 | Snake:3  | Received a gift from Trog
 27064 | Snake:4  | Entered Level 4 of the Snake Pit
 27208 | Snake:4  | Reached XP level 17. HP: 53/163 MP: 16/16
 27351 | Snake:4  | Received a gift from Trog
 27391 | Snake:4  | Received a gift from Trog
 27809 | Snake:4  | Received a gift from Trog
 27908 | Snake:4  | Got a serpentine rune of Zot
 28385 | Shoals:1 | Entered Level 1 of the Shoals
 28385 | Shoals:1 | Noticed a kraken
 28414 | Shoals:1 | Killed a kraken
 28439 | Lair:3   | Gained mutation: Your flesh is cold resistant. [potion of beneficial mutation]
 28440 | Lair:3   | Gained mutation: You have sharp toenails. [potion of beneficial mutation]
 28441 | Lair:3   | Gained mutation: Your mind is acute. (Int +2) [potion of beneficial mutation]
 28479 | Shoals:1 | Got a coiled pewter ring
 28481 | Shoals:1 | Identified the ring "Aseckut" {SustAt rC+ rN+ Str+3} (You found it on level 1 of the Shoals)
 29052 | Shoals:2 | Reached XP level 18. HP: 165/176 MP: 17/17
 29093 | Shoals:2 | Found a flickering gateway to a bazaar.
 29101 | Bazaar   | Entered a bazaar
 29115 | Bazaar   | Found Gus Nac's Antique Weapon Emporium.
 29115 | Bazaar   | Found Liorch's Antique Weapon Shoppe.
 29136 | Bazaar   | Found Jote's Antique Armour Emporium.
 29136 | Bazaar   | Found Ywkeu's Gadget Shoppe.
 29157 | Bazaar   | Found Naimy's Distillery.
 29172 | Bazaar   | Found Koposubb's Weapon Emporium.
 29172 | Bazaar   | Found Deerr's Food Shoppe.
 29256 | Shoals:2 | Found Joqiob's Gadget Boutique.
 29282 | Shoals:2 | Noticed Louise
 29286 | Shoals:2 | Noticed Polyphemus
 29320 | Shoals:2 | Killed Polyphemus
 29328 | Shoals:2 | Killed Louise
 29621 | Shoals:2 | Noticed Aizul
 29621 | Shoals:2 | Received a gift from Trog
 29637 | Shoals:2 | Killed Aizul
 29921 | Shoals:3 | Noticed Nikola
 29942 | Shoals:3 | Killed Nikola
 30365 | Shoals:3 | Received a gift from Trog
 30828 | Shoals:4 | Entered Level 4 of the Shoals
 31047 | Shoals:4 | Got a barnacled rune of Zot
 31456 | Vaults:1 | Entered Level 1 of the Vaults
 31993 | Orc:2    | Bought a +6 ring of slaying for 2588 gold pieces
 32226 | Vaults:1 | Received a gift from Trog
 33257 | Vaults:2 | Reached XP level 19. HP: 184/184 MP: 18/18
 33511 | Vaults:2 | Received a gift from Trog
 34125 | Vaults:2 | Received a gift from Trog
 34593 | Vaults:3 | Found Ahinon's Antique Armour Boutique.
 34617 | Vaults:3 | Bought a glowing cloak for 112 gold pieces
 34709 | Vaults:3 | Received a gift from Trog
 34709 | Vaults:3 | Reached skill level 15 in Armour
 34717 | Vaults:3 | Noticed a bone dragon
 34736 | Vaults:3 | Killed a bone dragon
 34832 | Vaults:3 | Paralysed by a great orb of eyes for 4 turns
 34972 | Vaults:3 | Reached XP level 20. HP: 195/195 MP: 19/19
 35021 | Vaults:3 | Found a staircase to the Crypt.
 35149 | Vaults:3 | Received a gift from Trog
 35450 | Vaults:3 | You fall through a shaft!
 35680 | Vaults:3 | Noticed Boris
 35687 | Vaults:3 | Killed Boris
 36180 | Vaults:4 | Received a gift from Trog
 36192 | Vaults:4 | Got a transparent executioner's axe {god gift}
 36193 | Vaults:4 | Identified the +9 executioner's axe "Dos Ekla" {drain, rF+} (Trog gifted it to you on level 4 of the Vaults)
 36690 | Vaults:4 | Reached XP level 21. HP: 205/206 MP: 20/20
 36804 | Vaults:4 | Found Woerrybb's Gadget Boutique.
 36991 | Vaults:4 | Received a gift from Trog
 37055 | Vaults:4 | Cast into level 2 of the Abyss (a deep elf sorcerer)
 37068 | Vaults:4 | Escaped the Abyss
 37508 | Vaults:5 | Entered Level 5 of the Vaults
 37508 | Vaults:5 | Noticed an ancient lich
 37526 | Vaults:5 | Killed an ancient lich
 37581 | Vaults:5 | Noticed Wiglaf
 37588 | Vaults:5 | Killed Wiglaf
 37595 | Vaults:5 | Noticed Boris
 37613 | Vaults:5 | Killed Boris
 37670 | Vaults:5 | Reached skill level 15 in Dodging
 37871 | Vaults:5 | Noticed Jory
 37897 | Vaults:5 | Killed Jory
 37899 | Vaults:5 | Received a gift from Trog
 38096 | Vaults:5 | Got a flickering jade amulet
 38161 | Vaults:5 | Got a pitted turquoise ring
 38172 | Vaults:5 | Identified the amulet of the Hundredfold Seas {Dismiss rC+ MP+9} (You took it off a vault guard on level 5 of the Vaults)
 38175 | Vaults:5 | Identified the ring of Fiuhuin {rF+ Str+3 Int+4} (You found it on level 5 of the Vaults)
 38270 | Vaults:5 | Reached XP level 22. HP: 86/217 MP: 21/21
 38318 | Vaults:5 | HP: 3/217 [shadow dragon/bolt of negative energy (18)]
 38352 | Vaults:5 | Received a gift from Trog
 38370 | Vaults:5 | Noticed an ancient lich
 38377 | Vaults:5 | Killed an ancient lich
 38900 | Vaults:5 | Got a vibrating golden ring
 39088 | Vaults:5 | Got a steaming golden ring
 39151 | Vaults:5 | Got a silver rune of Zot
 39742 | Depths:1 | Entered Level 1 of the Depths
 39779 | Depths:1 | Noticed a golden dragon
 39785 | Depths:1 | Killed a golden dragon
 39844 | Depths:1 | Found a one-way gate to the infinite horrors of the Abyss.
 39988 | Depths:1 | Found a one-way gate leading to the halls of Pandemonium.
 40040 | Depths:1 | Identified the ring of Januhoad {rC+ MP+9 Dex+3 Slay+3} (You took it off a vault guard on level 5 of the Vaults)
 40041 | Depths:1 | Identified the ring of Jimilas {*Tele rPois rN+ Dex+2} (You took it off a vault guard on level 5 of the Vaults)
 40093 | Depths:1 | Received a gift from Trog
 40170 | Depths:1 | Found Cotsisew's Book Shoppe.
 40189 | Depths:1 | Found a gateway to Hell.
 40332 | Depths:1 | Found Ixyhoehi's Demolitions Depot.
 40702 | Depths:2 | Found a gateway to a ziggurat.
 40714 | Zig:1    | Entered Level 1 of a ziggurat
 40732 | Zig:2    | Entered Level 2 of a ziggurat
 40752 | Zig:3    | Entered Level 3 of a ziggurat
 40773 | Zig:4    | Entered Level 4 of a ziggurat
 40816 | Zig:5    | Entered Level 5 of a ziggurat
 40819 | Zig:5    | Noticed Ywooz the pandemonium lord
 40842 | Zig:5    | Killed Ywooz the pandemonium lord
 40842 | Zig:5    | Reached XP level 23. HP: 44/227 MP: 22/22
 41009 | Zig:6    | Entered Level 6 of a ziggurat
 41035 | Zig:6    | Got a fine diamond amulet
 41039 | Zig:6    | Identified the amulet of Gomonuz {Inacc rElec MP+9} (You found it on level 6 of a ziggurat)
 41063 | Zig:7    | Entered Level 7 of a ziggurat
 41082 | Zig:7    | Received a gift from Trog
 41085 | Zig:7    | Killed from afar by a balrug

Skill      XL: |  1  2  3  4  5  6  7  8  9 10 11 12 13 14 15 16 17 18 19 20 21 22 |
---------------+-------------------------------------------------------------------+-----
Fighting       | 4 5 6 8 9 10 12 13 14 15 16 17 19 20 21 22 23 | 23.6
Shields        | 2 3 4 5 6 7 9 10 12 13 14 15 17 18 19 20 21 22 23 | 23.7
Axes           | 4 5 6 7 9 10 11 13 14 15 16 17 18 19 20 21 22 23 | 23.4
Armour         | 3 4 5 6 7 8 9 10 11 12 13 14 15 16 17 | 17.3
Dodging        | 3 4 5 6 7 8 9 10 11 12 13 14 15 16 | 16.0

Action                   |  1- 3 |  4- 6 |  7- 9 | 10-12 | 13-15 | 16-18 | 19-21 | 22-24 || total
-------------------------+-------+-------+-------+-------+-------+-------+-------+-------++-------
Melee: Hand axe          |    76 |   122 |   436 |    35 |       |       |       |       ||   669
       Headbutt          |     9 |    22 |    92 |   146 |   315 |   318 |   291 |   120 ||  1313
       Broad axe         |       |       |       |   560 |  1114 |  1178 |   976 |   367 ||  4195
Invok: Trog's Hand       |     1 |       |     4 |     6 |    10 |     9 |    10 |     5 ||    45
       Berserk           |       |       |     9 |    11 |    14 |     6 |     8 |     3 ||    51
       Burn Spellbooks   |       |       |       |     7 |     6 |     5 |     2 |     5 ||    25
       Brothers in Arms  |       |       |       |       |       |     1 |       |       ||     1
Evoke: Wand              |       |       |       |       |     1 |       |       |       ||     1
  Use: Scroll            |       |       |       |       |    24 |    16 |     2 |    13 ||    55
       Potion            |       |       |       |       |       |     4 |     4 |     5 ||    13
 Stab: Invisible         |       |       |       |       |     6 |       |       |       ||     6
       Petrified         |       |       |       |       |       |     5 |       |       ||     5
       Petrifying        |       |       |       |       |       |     3 |       |       ||     3
  Eat: Chunk             |     1 |     7 |    23 |    24 |    41 |    25 |    26 |    13 ||   160
       Fruit             |       |       |       |     8 |    14 |     7 |       |       ||    29
       Pizza             |       |       |       |     2 |       |     2 |       |       ||     4
       Beef jerky        |       |       |       |       |       |     2 |       |       ||     2
       Royal jelly       |       |       |       |       |       |       |     1 |       ||     1
Armor: Animal skin       |    15 |    24 |    15 |       |       |       |       |       ||    54
       Chain mail        |       |       |    90 |   282 |    12 |       |       |       ||   384
       Plate armour      |       |       |       |       |   316 |       |       |       ||   316
       Crystal plate arm |       |       |       |       |    14 |   400 |   299 |   138 ||   851
Dodge: Dodged            |    56 |    56 |   141 |   240 |   266 |   238 |   199 |    64 ||  1260
Block: Shield            |    12 |    65 |   274 |   425 |   299 |       |       |       ||  1075
       Large shield      |       |       |       |       |   675 |  1567 |  1096 |   468 ||  3806
